3AAA
TREMONT DOUBLEDAYS @ BLOOMINGTON LONGNECKS
05/22/2027
 
TOP OF THE 1ST
Tremont Doubledays batting - Pitching for Bloomington Longnecks : RHP Roberto Calderón
Pitching: RHP Roberto Calderón
Batting: RHB Jesús Quintana 0-0: Ball
1-0: Ball
2-0: Called Strike
2-1: Foul Ball, location: 2F
2-2: Foul Ball, location: 2F
2-2: Strikes out swinging
Batting: RHB Pablo Ledesma 0-0: Ground out 6-3 (Groundball, 6)
Batting: LHB SaQwan Hackett 0-0: Called Strike
0-1: Ball
1-1: Called Strike
1-2: Strikes out looking
Top of the 1st over - 0 run(s), 0 hit(s), 0 error(s), 0 left on base; Tremont 0 - Bloomington 0
BOTTOM OF THE 1ST
Bloomington Longnecks batting - Pitching for Tremont Doubledays : RHP Leon Siebert
Pitching: RHP Leon Siebert
Batting: RHB Gabrio Campoverde 0-0: Ball
1-0: Hit by Pitch
Batting: RHB Roberto Alonzo 0-0: Called Strike
Gabrio Campoverde is caught stealing 2nd base
0-1: Ball
1-1: Called Strike
1-2: Ground out 4-3 (Groundball, 4M)
Batting: LHB Adrián Gómez 0-0: Ball
1-0: Ground out 4-3 (Groundball, 4)
Bottom of the 1st over - 0 run(s), 0 hit(s), 0 error(s), 0 left on base; Tremont 0 - Bloomington 0
TOP OF THE 2ND
Tremont Doubledays batting - Pitching for Bloomington Longnecks : RHP Roberto Calderón
Batting: RHB Arturo Morales 0-0: Fly out, F8 (Flyball, 89M)
Batting: LHB Cornelius Taitt 0-0: Called Strike
0-1: Ball
1-1: Ball
2-1: Swinging Strike
2-2: Strikes out swinging
Batting: RHB Sang Hong-Do 0-0: Ball
1-0: Ball
2-0: Called Strike
2-1: Ground out 6-3 (Groundball, 6)
Top of the 2nd over - 0 run(s), 0 hit(s), 0 error(s), 0 left on base; Tremont 0 - Bloomington 0
BOTTOM OF THE 2ND
Bloomington Longnecks batting - Pitching for Tremont Doubledays : RHP Leon Siebert
Batting: RHB Mark Smiley 0-0: Called Strike
0-1: Foul Ball, location: 2F
0-2: Ball
1-2: Foul Ball, location: 2F
1-2: Ball
2-2: SINGLE (Line Drive, 78S)
Batting: LHB Arturo Acevedo 0-0: Ball
1-0: Foul Ball, location: 2F
1-1: Foul Ball, location: 2F
1-2: Ball
2-2: Fielders Choice at 2nd, 1-4 (Groundball, 15S)
Batting: SHB Eugene Bentley 0-0: Ball
1-0: Called Strike
1-1: Foul Ball, location: 2F
1-2: Fielders Choice at 2nd, 4-6 (Groundball, 34)
Pitching: RHP Cooper Myers
Batting: SHB Mauro López 0-0: Ball
1-0: Called Strike
1-1: Ball
2-1: Ground out 1-3 (Groundball, P)
Bottom of the 2nd over - 0 run(s), 1 hit(s), 0 error(s), 1 left on base; Tremont 0 - Bloomington 0
TOP OF THE 3RD
Tremont Doubledays batting - Pitching for Bloomington Longnecks : RHP Roberto Calderón
Batting: RHB Otis Brewer 0-0: Ball
1-0: Fly out, F5 (Line Drive, 5)
Batting: RHB David Pérez 0-0: Swinging Strike
0-1: Ball
1-1: Foul Ball, location: 2F
1-2: Ball
2-2: Strikes out swinging
Batting: RHB José Cervantes 0-0: Ground out 4-3 (Groundball, 4)
Top of the 3rd over - 0 run(s), 0 hit(s), 0 error(s), 0 left on base; Tremont 0 - Bloomington 0
BOTTOM OF THE 3RD
Bloomington Longnecks batting - Pitching for Tremont Doubledays : RHP Cooper Myers
Batting: SHB Benedict Patel 0-0: Foul Ball, location: 2F
0-1: Ball
1-1: Ball
2-1: Called Strike
2-2: Fly out, F4 (Line Drive, 4)
Batting: RHB Michael Hicks 0-0: Ground out 6-3 (Groundball, 6)
Batting: RHB Gabrio Campoverde 0-0: Foul Ball, location: 2F
0-1: Swinging Strike
0-2: Ball
1-2: Ball
2-2: Strikes out looking
Bottom of the 3rd over - 0 run(s), 0 hit(s), 0 error(s), 0 left on base; Tremont 0 - Bloomington 0
TOP OF THE 4TH
Tremont Doubledays batting - Pitching for Bloomington Longnecks : RHP Roberto Calderón
Batting: RHB Jesús Quintana 0-0: Foul Ball, location: 2F
0-1: Ball
1-1: Ball
2-1: Ground out 6-3 (Groundball, 6)
Batting: RHB Pablo Ledesma 0-0: Ball
1-0: Reached on error, E5 (Groundball, 56S)
Batting: LHB SaQwan Hackett 0-0: Ball
1-0: Ground out U3 (Groundball, 34)
Pablo Ledesma to third
Batting: RHB Arturo Morales 0-0: Ball
1-0: Foul Ball, location: 2F
1-1: Foul Ball, location: 2F
1-2: Ball
2-2: Ball
3-2: Base on Balls
Batting: LHB Cornelius Taitt 0-0: Swinging Strike
0-1: Foul Ball, location: 2F
0-2: Ball
1-2: Foul Ball, location: 2F
1-2: Strikes out swinging
Top of the 4th over - 0 run(s), 0 hit(s), 1 error(s), 2 left on base; Tremont 0 - Bloomington 0
BOTTOM OF THE 4TH
Bloomington Longnecks batting - Pitching for Tremont Doubledays : RHP Cooper Myers
Batting: RHB Roberto Alonzo 0-0: Ball
1-0: Foul Ball, location: 2F
1-1: Called Strike
1-2: Ball
2-2: Ground out U3 (Groundball, 23)
Batting: LHB Adrián Gómez 0-0: DOUBLE (Line Drive, 7LS)
Batting: RHB Mark Smiley 0-0: Ball
1-0: Fly out, F9 (Flyball, 89M)
Batting: LHB Arturo Acevedo 0-0: Ball
1-0: Ground out 4-3 (Groundball, 4)
Bottom of the 4th over - 0 run(s), 1 hit(s), 0 error(s), 1 left on base; Tremont 0 - Bloomington 0
TOP OF THE 5TH
Tremont Doubledays batting - Pitching for Bloomington Longnecks : RHP Roberto Calderón
Batting: RHB Sang Hong-Do 0-0: TRIPLE (Flyball, 89M)
Batting: RHB Otis Brewer 0-0: Called Strike
0-1: Foul Ball, location: 2F
0-2: Foul Ball, location: 2F
0-2: Strikes out swinging
Batting: RHB David Pérez 0-0: Ball
1-0: Foul Ball, location: 2F
1-1: Ball
2-1: Foul Ball, location: 2F
2-2: Ball
3-2: Strikes out swinging
Batting: RHB José Cervantes 0-0: Called Strike
0-1: Reached on error, E6 (Groundball, 6MS)
Sang Hong-Do scores
Batting: RHB Jesús Quintana 0-0: Called Strike
0-1: Ball
1-1: Ball
2-1: Ball
3-1: Swinging Strike
3-2: Foul Ball, location: 2F
3-2: Strikes out swinging
Top of the 5th over - 1 run(s), 1 hit(s), 1 error(s), 1 left on base; Tremont 1 - Bloomington 0
BOTTOM OF THE 5TH
Bloomington Longnecks batting - Pitching for Tremont Doubledays : RHP Cooper Myers
Batting: SHB Eugene Bentley 0-0: Foul Ball, location: 2F
0-1: Foul Ball, location: 2F
0-2: Fly out, F7 (Flyball, 7LS)
Batting: SHB Mauro López 0-0: SINGLE (Line Drive, 78M)
Batting: SHB Benedict Patel 0-0: Called Strike
Mauro López steals 2nd base
0-1: Ball
1-1: Ball
2-1: DOUBLE (Line Drive, 9LM)
Mauro López scores
Batting: RHB Michael Hicks 0-0: Called Strike
0-1: Ball
1-1: Fly out, F7 (Flyball, 78S)
Batting: RHB Gabrio Campoverde 0-0: Called Strike
0-1: Called Strike
0-2: Ball
Balk!
Benedict Patel to third
1-2: Ball
2-2: Ball
3-2: Foul Ball, location: 2F
3-2: Base on Balls
Batting: RHB Roberto Alonzo 0-0: Ball
1-0: Called Strike
1-1: Called Strike
1-2: Ground out U3 (Groundball, 3)
Bottom of the 5th over - 1 run(s), 2 hit(s), 0 error(s), 2 left on base; Tremont 1 - Bloomington 1
TOP OF THE 6TH
Tremont Doubledays batting - Pitching for Bloomington Longnecks : RHP Roberto Calderón
Batting: RHB Pablo Ledesma 0-0: Ball
1-0: Called Strike
1-1: Foul Ball, location: 2F
1-2: Foul Ball, location: 2F
1-2: Fly out, F4 (Popup, 34D)
Batting: LHB SaQwan Hackett 0-0: Called Strike
0-1: Foul Ball, location: 2F
0-2: Ball
1-2: Foul Ball, location: 2F
1-2: Ball
2-2: Strikes out swinging
Batting: RHB Arturo Morales 0-0: SINGLE (Groundball, 5D)
Batting: LHB Cornelius Taitt 0-0: Called Strike
0-1: Ball
1-1: Ball
2-1: Called Strike
2-2: Ball
3-2: SINGLE (Groundball, 6D)
Arturo Morales to second
Arturo Morales to third
Batting: RHB Sang Hong-Do 0-0: Called Strike
0-1: Called Strike
0-2: Ball
1-2: SINGLE (Groundball, 56) (infield hit)
Arturo Morales scores
Cornelius Taitt to second
Batting: RHB Otis Brewer 0-0: Ball
1-0: SINGLE (Groundball, 6MD)
Cornelius Taitt to third
Sang Hong-Do to second
Runner from 3rd tries for Home, SAFE, no throw
Batting: RHB David Pérez 0-0: Ball
1-0: Hit by Pitch
Sang Hong-Do to third
Otis Brewer to second
Batting: RHB José Cervantes 0-0: Called Strike
0-1: Called Strike
0-2: Single, Error in OF, E8, batter to second base
Sang Hong-Do scores
Otis Brewer scores
David Pérez to third
Batting: RHB Jesús Quintana 0-0: Ground out 5-3 (Groundball, 56)
Top of the 6th over - 4 run(s), 5 hit(s), 1 error(s), 2 left on base; Tremont 5 - Bloomington 1
BOTTOM OF THE 6TH
Bloomington Longnecks batting - Pitching for Tremont Doubledays : RHP Cooper Myers
Batting: LHB Adrián Gómez 0-0: Foul Ball, location: 2F
0-1: Ball
1-1: Ball
2-1: SINGLE (Groundball, 4D)
Pitching: RHP Roland Allen
Batting: RHB Mark Smiley 0-0: Ball
1-0: Called Strike
1-1: Foul Ball, location: 2F
1-2: Foul Ball, location: 2F
1-2: Foul Ball, location: 2F
1-2: Grounds into double play, 5-4-3 (Groundball, 56)
Batting: LHB Arturo Acevedo 0-0: Fly out, F7 (Flyball, 7LM)
Bottom of the 6th over - 0 run(s), 1 hit(s), 0 error(s), 0 left on base; Tremont 5 - Bloomington 1
TOP OF THE 7TH
Tremont Doubledays batting - Pitching for Bloomington Longnecks : RHP Roberto Calderón
Batting: RHB Pablo Ledesma 0-0: Ball
1-0: Swinging Strike
1-1: Swinging Strike
1-2: Foul Ball, location: 2F
1-2: Foul Ball, location: 2F
1-2: Foul Ball, location: 2F
1-2: SINGLE (Line Drive, 9LM)
Pitching: RHP Del Lamb
Batting: LHB SaQwan Hackett 0-0: Ball
1-0: Ball
2-0: Ball
3-0: Called Strike
3-1: Called Strike
3-2: Foul Ball, location: 2F
3-2: DOUBLE (Flyball, 78XD)
Pablo Ledesma to third
Batting: RHB Arturo Morales 0-0: Ball
1-0: Foul Ball, location: 2F
1-1: Ball
2-1: Swinging Strike
2-2: Ball
3-2: Strikes out looking
Batting: LHB Cornelius Taitt 0-0: Ball
1-0: Foul Ball, location: 2F
1-1: Foul Ball, location: 2F
1-2: Ball
2-2: SINGLE (Flyball, 78S)
Pablo Ledesma scores
SaQwan Hackett to third
Batting: RHB Sang Hong-Do 0-0: Ball
1-0: Called Strike
Cornelius Taitt steals 2nd base
1-1: Ground out 6-3 (Groundball, 6)
SaQwan Hackett scores
Cornelius Taitt to third
Batting: RHB Otis Brewer 0-0: Called Strike
0-1: Ball
1-1: Ball
2-1: Foul Ball, location: 2F
2-2: Ball
3-2: Foul Ball, location: 2F
3-2: Foul Ball, location: 2F
3-2: Strikes out swinging
Top of the 7th over - 2 run(s), 3 hit(s), 0 error(s), 1 left on base; Tremont 7 - Bloomington 1
BOTTOM OF THE 7TH
Bloomington Longnecks batting - Pitching for Tremont Doubledays : RHP Roland Allen
Batting: SHB Eugene Bentley 0-0: Called Strike
0-1: Ball
1-1: Ball
2-1: SINGLE (Flyball, 8LS)
Batting: SHB Mauro López 0-0: Foul Ball, location: 2F
0-1: Ball
1-1: Grounds out, U3 (Groundball, 3L)
Batting: SHB Benedict Patel 0-0: Called Strike
0-1: Ground out 4-3 (Groundball, 4D)
Eugene Bentley to third
Batting: RHB Michael Hicks 0-0: Ball
1-0: Ground out 6-3 (Groundball, 6)
Bottom of the 7th over - 0 run(s), 1 hit(s), 0 error(s), 1 left on base; Tremont 7 - Bloomington 1
TOP OF THE 8TH
Tremont Doubledays batting - Pitching for Bloomington Longnecks : RHP Del Lamb
Batting: RHB David Pérez 0-0: Ball
1-0: Ball
2-0: Ball
3-0: Base on Balls
Batting: RHB José Cervantes 0-0: Ball
1-0: Foul Ball, location: 2F
1-1: Called Strike
David Pérez steals 2nd base
1-2: Ball
2-2: Ball
3-2: Ground out 5-3 (Groundball, 5L)
Batting: RHB Jesús Quintana 0-0: Called Strike
0-1: Fly out, F7 (Flyball, 7)
Batting: RHB Pablo Ledesma 0-0: Fly out, F7 (Line Drive, 7S)
Top of the 8th over - 0 run(s), 0 hit(s), 0 error(s), 1 left on base; Tremont 7 - Bloomington 1
BOTTOM OF THE 8TH
Bloomington Longnecks batting - Pitching for Tremont Doubledays : RHP Roland Allen
Now at C: Tim Taylor
Batting: RHB Gabrio Campoverde 0-0: Ball
1-0: Foul Ball, location: 2F
1-1: Ground out 5-3 (Groundball, 5S)
Batting: RHB Roberto Alonzo 0-0: Ground out 4-3 (Groundball, 4)
Batting: LHB Adrián Gómez 0-0: Ball
1-0: Fly out, F7 (Flyball, 7LM)
Bottom of the 8th over - 0 run(s), 0 hit(s), 0 error(s), 0 left on base; Tremont 7 - Bloomington 1
TOP OF THE 9TH
Tremont Doubledays batting - Pitching for Bloomington Longnecks : RHP Del Lamb
Batting: LHB SaQwan Hackett 0-0: Ball
1-0: SINGLE (Line Drive, 56)
Batting: RHB Arturo Morales 0-0: Swinging Strike
0-1: Ball
1-1: Fly out, F5 (Line Drive, 5S)
Batting: LHB Cornelius Taitt 0-0: SINGLE (Groundball, 34D)
SaQwan Hackett to second
Runner from 2nd tries for 3rd, SAFE, throw made to third
Cornelius Taitt to second
Batting: RHB Sang Hong-Do 0-0: Called Strike
0-1: Fly out, F3 (Popup, 3D)
Batting: RHB Otis Brewer 0-0: Ball
1-0: Ball
2-0: Fly out, F8 (Flyball, 8LS)
Top of the 9th over - 0 run(s), 2 hit(s), 0 error(s), 2 left on base; Tremont 7 - Bloomington 1
BOTTOM OF THE 9TH
Bloomington Longnecks batting - Pitching for Tremont Doubledays : RHP Roland Allen
Now in LF: Fred Burt
Batting: RHB Mark Smiley 0-0: Ball
1-0: Foul Ball, location: 2F
1-1: Ball
2-1: Ball
3-1: Called Strike
3-2: Base on Balls
Batting: LHB Arturo Acevedo 0-0: Swinging Strike
0-1: Swinging Strike
0-2: Ball
1-2: Ball
2-2: Ground out U3 (Groundball, 34S)
Mark Smiley to second
Batting: SHB Eugene Bentley 0-0: Ball
1-0: Fly out, F6 (Flyball, 6MD)
Batting: SHB Mauro López 0-0: Called Strike
0-1: Swinging Strike
0-2: Ball
1-2: Strikes out swinging
Bottom of the 9th over - 0 run(s), 0 hit(s), 0 error(s), 1 left on base; Tremont 7 - Bloomington 1
Saturday, May 26th, 2018 - OOTP Baseball 17.12 Build 75